[Event "African Games-chT 2019"]
[Site "Casablanca"]
[Date "2019.08.25"]
[Round "9.29"]
[White "Asante Debesai Zerabruk"]
[Black "Aderito, Pedro"]
[Result "1/2-1/2"]
[ECO "B07"]
[WhiteElo "1712"]
[BlackElo "2301"]
[Annotator "NA"]
[PlyCount "142"]
[EventDate "2019.08.24"]
[EventType "team-tourn"]
[EventCountry "MAR"]
[SourceTitle "playchess.com"]
[Source "ChessBase"]
[SourceQuality "1"]
[WhiteTeam "Eritrea"]
[BlackTeam "Angola"]
[WhiteTeamCountry "ERI"]
[BlackTeamCountry "ANG"]
[TimeControl "900+10"]

1. e4 d6 2. d4 Nf6 3. Nc3 g6 4. Bc4 Bg7 5. Nge2 O-O 6. O-O e5 7. f3 c6 8. Be3 Nbd7 9. a4 exd4 10. Nxd4 d5 11. exd5 Nb6 12. Bb3 Nfxd5 13. Nxd5 Nxd5 14. Bf2 Qg5 15. h4 Qf6 16. Bxd5 cxd5 17. Re1 Bd7 18. Qd2 Rac8 19. c3 a6 20. Bg3 Rc4 21. a5 Rfc8 22. Re2 Qd8 23. Kh1 h5 24. Bf2 Bf6 25. g3 Kg7 26. Be3 R8c5 27. Bg5 Bxg5 28. Qxg5 Qxg5 29. hxg5 Kf8 30. Kg2 Ra4 31. Nb3 Rxa1 32. Nxc5 Bc6 33. b4 Rc1 34. Re3 Rc2+ 35. Kh3 Bb5 36. g4 Bf1+ 37. Kg3 Rg2+ 38. Kf4 hxg4 39. fxg4 Be2 40. Rg3 Rf2+ 41. Ke3 Rh2 42. Nxb7 Bc4 43. Kf4 Ke7 44. Re3+ Kd7 45. Ke5 Rg2 46. Nc5+ Kc6 47. Kf4 Rf2+ 48. Rf3 Rg2 49. Rg3 Rc2 50. Re3 Kb5 51. Ke5 Rg2 52. Kd6 Rxg4 53. Re7 Ba2 54. Rb7+ Kc4 55. Rxf7 Kxc3 56. Nxa6 Bc4 57. Rf3+ Kd2 58. Nc5 Be2 59. a6 Bxf3 60. Nb3+ Kc3 61. Nd4 Rh4 62. Nxf3 Rxb4 63. Kxd5 Ra4 64. Ke5 Rxa6 65. Nh4 Kd3 66. Nxg6 Rxg6 67. Kf5 Rg8 68. Kf6 Kd4 69. g6 Kd5 70. Kf7 Ra8 71. g7 Ke5 1/2-1/2

[Event "African Games-chT 2019"]
[Site "Casablanca"]
[Date "2019.08.25"]
[Round "9.37"]
[White "Kourakoumba, Florent"]
[Black "Gohil, Mehul"]
[Result "0-1"]
[ECO "C02"]
[WhiteElo "1677"]
[BlackElo "2076"]
[Annotator "NA"]
[PlyCount "146"]
[EventDate "2019.08.24"]
[EventType "team-tourn"]
[EventCountry "MAR"]
[SourceTitle "playchess.com"]
[Source "ChessBase"]
[SourceQuality "1"]
[WhiteTeam "CAF"]
[BlackTeam "Kenya"]
[BlackTeamCountry "KEN"]
[TimeControl "900+10"]

1. e4 e6 2. d4 d5 3. e5 c5 4. c3 Nc6 5. Nf3 Bd7 6. Be2 Rc8 7. O-O Nge7 8. Be3 Ng6 9. a4 cxd4 10. cxd4 Be7 11. Na3 a6 12. Nc2 O-O 13. Rb1 f6 14. exf6 Bxf6 15. g3 Nce7 16. b3 Nf5 17. h4 Qc7 18. Bd3 Nxg3 19. Re1 Ne4 20. h5 Nf4 21. Rc1 Nxd3 22. Qxd3 Qc3 23. Qxc3 Rxc3 24. Ne5 Bxe5 25. dxe5 Rfc8 26. Nd4 Rxc1 27. Rxc1 Rxc1+ 28. Bxc1 h6 29. f3 Ng3 30. Kg2 Nxh5 31. Kh3 Kh7 32. Kg4 g6 33. f4 Ng7 34. Ba3 Kg8 35. Nf3 Kf7 36. Nd4 Bc8 37. Bc5 Bd7 38. Bb6 Bc6 39. a5 Bb5 40. b4 Be8 41. Nb3 Nf5 42. Nc5 Bc6 43. Bd8 Ne3+ 44. Kf3 Nc2 45. Nd3 Bb5 46. Nc5 Bc6 47. Nd3 Nd4+ 48. Ke3 Nf5+ 49. Kf2 Ke8 50. Bb6 Kf7 51. Ke2 Bb5 52. Kd2 Bxd3 53. Kxd3 Ke8 54. Bf2 Kd7 55. Kc3 Kc6 56. Kb3 Kb5 57. Kc3 Ka4 58. Bg1 Ng3 59. Be3 Ne4+ 60. Kd4 Kxb4 61. f5 gxf5 62. Bxh6 Kxa5 63. Bg7 Kb4 64. Bf8+ Kb3 65. Bd6 a5 66. Kd3 b5 67. Ke3 b4 68. Kf3 a4 69. Kf4 a3 70. Kf3 a2 71. Kg2 a1=Q 72. Kh3 Qg1 73. Kh4 Qg4# 0-1

[Event "African Games-chT 2019"]
[Site "Casablanca"]
[Date "2019.08.25"]
[Round "9.38"]
[White "Sang, Ricky"]
[Black "Koualet-Bebondi, Vianney Archeveq"]
[Result "1-0"]
[ECO "A40"]
[WhiteElo "1971"]
[BlackElo "1679"]
[Annotator "NA"]
[PlyCount "93"]
[EventDate "2019.08.24"]
[EventType "team-tourn"]
[EventCountry "MAR"]
[SourceTitle "playchess.com"]
[Source "ChessBase"]
[SourceQuality "1"]
[WhiteTeam "Kenya"]
[BlackTeam "CAF"]
[WhiteTeamCountry "KEN"]
[TimeControl "900+10"]

1. d4 e6 2. Bf4 Nf6 3. e3 d6 4. Bd3 Be7 5. Nf3 Nh5 6. Bg3 O-O 7. Nbd2 f5 8. c3 Nc6 9. Qb3 a6 10. O-O-O b6 11. h4 Nxg3 12. fxg3 Na5 13. Qc2 c5 14. g4 b5 15. gxf5 c4 16. Be2 exf5 17. e4 fxe4 18. Qxe4 Bf5 19. Qd5+ Kh8 20. Rdg1 Bg4 21. Nf1 Bxf3 22. Bxf3 Bxh4 23. Nd2 Ra7 24. Qh5 g5 25. g3 Bxg3 26. Rxg3 Rg7 27. Be4 Rff7 28. Rgh3 Qd7 29. Bd5 Re7 30. Rf1 Qe8 31. Qxe8+ Rxe8 32. Rhf3 h6 33. Rf6 h5 34. Be4 Rxe4 35. Nxe4 h4 36. Nxd6 Kh7 37. Nf5 Ra7 38. Rh6+ Kg8 39. Rg6+ Kh7 40. Rxg5 Rf7 41. Rh1 Kh8 42. Rxh4+ Rh7 43. Rxh7+ Kxh7 44. Rg7+ Kh8 45. Ra7 Nc6 46. Rxa6 Kg8 47. Rxc6 1-0